 Dungeon Crawl Stone Soup version 0.28.0-43-g3370ac3207 (webtiles) character file.

Game seed: 4883575987320608910

404 issech the Cudgeller (level 6, -7/61 HPs)
             Began as a Troll Monk on Mar 24, 2022.
             Mangled by an ogre
             ... wielding a +0 giant spiked club
              (19 damage)
             ... on level 4 of the Dungeon.
             The game lasted 00:09:33 (2890 turns).

issech the Cudgeller (Troll Monk)                   Turns: 2890, Time: 00:09:34

Health: -7/61      AC:  4    Str: 20    XL:     6   Next: 56%
Magic:  5/5        EV: 11    Int:  6    God:
Gold:   126        SH:  5    Dex: 14    Spells: 5/5 levels left

rFire   . . .      SeeInvis .   x - +0 giant club
rCold   . . .      Faith    .   (shield currently unavailable)
rNeg    . . .      Spirit   .   b - +0 robe
rPois   .          Reflect  +   (helmet restricted)
rElec   .          Harm     .   (no cloak)
rCorr   .          Rampage  .   (gloves unavailable)
Will    .....                   (boots unavailable)
Stlth   ++........              u - amulet of reflection
HPRegen 1.00/turn               (no ring)
MPRegen 0.09/turn               (no ring)

@: no status effects
A: large, unfitting armour, claws 3, regeneration 1, shaggy fur 1, tough skin 1
a: no special abilities


You were on level 4 of the Dungeon.
You visited 1 branch of the dungeon, and saw 4 of its levels.

You collected 126 gold pieces.

Inventory:

Hand Weapons
 a - a +0 mace
 h - a +0 dagger of venom
 q - a +0 flail
 t - a +0 short sword of freezing
 x - a +0 giant club (weapon)
Missiles
 d - 68 stones (quivered)
 g - 74 bolts
 s - 3 boomerangs of dispersal
Armour
 b - a +0 robe (worn)
Jewellery
 u - an amulet of reflection (around neck)
Scrolls
 c - 2 scrolls of fear {unknown}
 f - 2 scrolls of teleportation {unknown}
 i - a scroll of immolation {unknown}
 j - a scroll of amnesia {unknown}
 l - a scroll of summoning {unknown}
 n - 2 scrolls of enchant weapon {unknown}
 o - a scroll of fog {unknown}
 r - 7 scrolls of identify {unknown}
Potions
 e - a potion of heal wounds {unknown}
 k - a potion of brilliance {unknown}
 m - a potion of haste {unknown}
 p - 2 potions of curing {unknown}
 v - a potion of mutation {unknown}
 w - a potion of ambrosia {unknown}
 z - a potion of lignification {unknown}
 A - a potion of berserk rage {unknown}


   Skills:
 + Level 3.6 Fighting
 + Level 4.8 Maces & Flails
 + Level 3.9 Dodging
 + Level 1.2 Stealth
 + Level 0.5 Shields


You had 5 spell levels left.
You didn't know any spells.
Your spell library contained the following spells:

 Spells                   Type           Power      Damage    Failure   Level
 Animate Dead             Necr           0%         N/A       99%         4
 Borgnjor's Vile Clutch   Necr/Erth      0%         N/A       100%        5
 Death Channel            Necr           0%         N/A       100%        6


Dungeon Overview and Level Annotations

Branches:
Dungeon (4/15)
 Temple: D:4-7

Altars:
Trog

Shops:
D:3 [


Innate Abilities, Weirdness & Mutations

You are too large for most types of armour.
You have claws for hands.
Your natural rate of healing is unusually fast.
You are covered in fur. (AC +1)
You have tough skin. (AC +1)


Message History

You kill the orc!
Items here: ! ) [ †.
You closely miss the ball python.
The ball python bites you but does no damage.
The ball python barely misses you.
You closely miss the ball python. The ball python barely misses you.
You block the ball python's attack.
You sock the ball python!
You kill the ball python!
Found a scroll labelled QABBUS DUMOID and 8 gold pieces.
An adder comes into view.
You see here a scroll labelled QABBUS DUMOID.
The adder hisses angrily.
An ogre comes into view. It is wielding a +0 giant spiked club.
You see here a scroll labelled QABBUS DUMOID.
r - 7 scrolls labelled QABBUS DUMOID (gained 1)
Found 19 stones.
The adder bites you.
You are poisoned.
The adder poisons you!
You sock the adder!
The adder is severely wounded.
You feel sick. The adder bites you. You block the adder's attack.
The ogre closely misses you.
You feel sick.
You feel sick. The adder bites you.
You closely miss the adder.
The adder is severely wounded.
You feel sick. The adder bites you.
The ogre hits you with a +0 giant spiked club!!
You feel sick.
You are no longer poisoned.
The adder barely misses you.
You bludgeon the adder!!
You kill the adder!
The ogre hits you with a +0 giant spiked club!
* * * LOW HITPOINT WARNING * * *
You bludgeon the ogre!!
The ogre is almost dead.
The ogre hits you with a +0 giant spiked club!!
You die...

#.....####......
######.............##
#...........##.....#.
#...........##.....#.
#..................#. .
#..........#..).#..#. (..
##...............#....
.....##................#.##.
..........O@...........#.##.
#......................#.#..
#.......$...................
#...........................
#........###................
#..........^................
######.........####.......<.
#..... ...# ...####. .. #..


You could see an ogre.

Vanquished Creatures
  An ogre (D:4)
  3 scorpions
  A hound (D:4)
  An orc wizard (D:4)
  2 adders
  3 dart slugs
  11 orcs
  5 bats
  5 endoplasms
  3 giant cockroaches
  4 goblins
  5 hobgoblins
  2 jackals (D:4)
  8 kobolds
  2 quokkas
  4 ball pythons
  4 frilled lizards
  4 rats
68 creatures vanquished.

Notes
Turn   | Place    | Note
-------+----------+-------------------------------------------
     0 | D:1      | issech the Troll Monk began the quest for the Orb.
     0 | D:1      | Reached XP level 1. HP: 22/22 MP: 0/0
   210 | D:1      | Reached XP level 2. HP: 29/29 MP: 1/1
   215 | D:1      | You fall into a shaft and drop 1 floor!
   816 | D:1      | Reached skill level 3 in Maces & Flails
   859 | D:1      | Reached XP level 3. HP: 36/36 MP: 2/2
  1656 | D:3      | Found Jeorogha's Antique Armour Emporium.
  1809 | D:3      | Noticed a scorpion
  1823 | D:3      | Killed a scorpion
  1824 | D:3      | Reached XP level 4. HP: 41/45 MP: 3/3
  2349 | D:4      | Noticed a scorpion
  2369 | D:4      | Killed a scorpion
  2370 | D:4      | Reached skill level 4 in Maces & Flails
  2370 | D:4      | Reached XP level 5. HP: 40/53 MP: 4/4
  2456 | D:4      | Reached XP level 6. HP: 61/61 MP: 5/5
  2701 | D:4      | Found a bloodstained altar of Trog.
  2890 | D:4      | Mangled by an ogre

Illustrated notes

Levels and vault maps discovered:
D:1:      saegor_arrival_simple_e, layout_loops_ring, kennysheep_flooded_box
D:2:      layout_loops_cross, serial_glass, glass_columns_a, glass_columns_c,
          glass_columns_c, glass_columns_a
D:3:      layout_basic, serial_shops, shop, wad_orctagon
D:4:      layout_basic, kennysheep_mini_moat

Skill      XL: |  1  2  3  4 |
---------------+-------------+-----
Maces & Flails | 3 4 |  4.8
Dodging        | 3 |  3.9
Fighting       | 3 |  3.6
Stealth        | |  1.2
Shields        | |  0.5

Action                   |  1- 3 |  4- 6 || total
-------------------------+-------+-------++-------
Melee: Mace              |    71 |       ||    71
       Punch             |     2 |       ||     2
       Flail             |    56 |    65 ||   121
       Giant club        |       |    22 ||    22
Armor: Robe              |    52 |    28 ||    80
Dodge: Dodged            |    73 |    76 ||   149
Block: Other             |       |    20 ||    20
